 Dungeon Crawl Stone Soup version 0.30-a0-58-gc0703345a7 (webtiles) character file.

Game seed: 5555795544145026598

98 lesbiats the Cudgeller (level 4, -8/45 HPs)
             Began as a Troll Fighter on Sept 12, 2022.
             Mangled by an ogre
             ... wielding a +0 giant spiked club
              (24 damage)
             ... on level 3 of the Dungeon.
             The game lasted 00:04:31 (1453 turns).

lesbiats the Cudgeller (Troll Fighter)              Turns: 1453, Time: 00:04:31

Health: -8/45      AC:  4    Str: 26    XL:     4   Next: 43%
Magic:  3/3        EV:  8    Int:  4    God:
Gold:   104        SH:  7    Dex:  9    Spells: 3/3 levels left

rFire   . . .      SeeInvis .    u - +2 whip (venom)
rCold   . . .      Faith    .    c - +0 kite shield
rNeg    . . .      Spirit   .    b - +0 robe
rPois   .          Reflect  .    (helmet restricted)
rElec   .          Harm     .    (no cloak)
rCorr   .          Rampage  .    (gloves unavailable)
Will    .....                    (boots unavailable)
Stlth   +.........               (no amulet)
HPRegen 0.95/turn                (no ring)
MPRegen 0.08/turn                (no ring)

@: no status effects
A: large, unfitting armour, claws 3, regeneration 1, shaggy fur 1, tough skin 1
a: no special abilities


You were on level 3 of the Dungeon.
You visited 1 branch of the dungeon, and saw 3 of its levels.

You collected 104 gold pieces.

Inventory:

Hand Weapons
 a - a +0 flail
 u - a +2 whip of venom (weapon)
Missiles
 e - 23 stones (quivered)
 t - 5 poisoned darts
Armour
 b - a +0 robe (worn)
 c - a +0 kite shield (worn)
Scrolls
 f - a scroll of fear {unknown}
 i - a scroll of blinking {unknown}
 j - 2 scrolls of noise {unknown}
 k - 2 scrolls of poison {unknown}
 l - 2 scrolls of vulnerability {unknown}
 o - 2 scrolls of summoning {unknown}
 p - a scroll of teleportation {unknown}
 q - a scroll of immolation
 r - a scroll of enchant armour {unknown}
 s - a scroll of identify {unknown}
Potions
 d - 2 potions of might
 g - 2 potions of flight {unknown}
 h - 2 potions of cancellation {unknown}
 m - 2 potions of invisibility {unknown}
 n - a potion of ambrosia {unknown}


   Skills:
 + Level 3.2 Fighting
 * Level 3.6 Maces & Flails
 - Level 2.4 Dodging
 - Level 2.6 Shields


You had 3 spell levels left.
You didn't know any spells.
Your spell library contained the following spells:

 Spells                   Type           Power      Damage    Failure   Level
 Summon Small Mammal      Summ           0%         N/A       80%         1
 Call Canine Familiar     Summ           0%         N/A       99%         3
 Gell's Gravitas          Tloc           0%         N/A       99%         3
 Lesser Beckoning         Tloc           0%         N/A       99%         3
 Summon Guardian Golem    Hex/Summ       0%         N/A       99%         3
 Teleport Other           Tloc           0%         N/A       99%         3


Dungeon Overview and Level Annotations

Branches:
Dungeon (3/15)

Altars:

Shops:
D:1 :


Innate Abilities, Weirdness & Mutations

You are too large for most types of armour.
You have claws for hands.
Your natural rate of healing is unusually fast.
You are covered in fur. (AC +1)
You have tough skin. (AC +1)


Message History

The ufetubus hits you.
You barely miss the ufetubus.
The ufetubus hits you but does no damage.
You block the ufetubus's attack.
You barely miss the ufetubus. You block the ufetubus's attack.
The ufetubus barely misses you.
The ufetubus hits you but does no damage.
The ufetubus hits you.
You hit the ufetubus.
The ufetubus is poisoned.
The ufetubus is severely wounded.
The ufetubus hits you but does no damage. x2
You hit the ufetubus.
You kill the ufetubus!
You hit the gnoll.
The gnoll is poisoned.
The gnoll is moderately wounded.
The gnoll hits you with a +0 club. The gnoll completely misses you.
You hit the gnoll.
The gnoll looks as sick as possible!
The gnoll is moderately wounded.
The gnoll hits you with a +0 club.
You hit the gnoll but do no damage.
The gnoll looks as sick as possible!
The gnoll is almost dead.
You kill the gnoll!
The giant cockroach barely misses you.
You whack the giant cockroach!
You kill the giant cockroach!
You hit the gnoll but do no damage.
The gnoll is poisoned.
The gnoll hits you with a +0 flail!
You whack the gnoll!
The gnoll looks as sick as possible!
The gnoll is severely wounded.
You kill the gnoll!
The ogre attacks as you move away!
The ogre hits you with a +0 giant spiked club!!
* * * LOW HITPOINT WARNING * * *
Okay, then.
Okay, then.
A goblin comes into view. It is wielding a +0 dagger.
The ogre attacks as you move away!
The ogre hits you with a +0 giant spiked club!!
Ouch! That really hurt!
You die...

..##.........#
#.......#
..###.#####...#
#.......##
.#.#...###...###
#......... .
........###
######+#.. #####...#
#######.'..
#g..######.......#..
#...#... #.#####.#..
#...#.# #...#.#..
#..@..# #.....#..
######...O.#
###<###..
........##.# ### #..
..###.....# ###
..$... #.#.### .....
#.#.# .... #.#)#
...## #.#.# 5gB#
#.#.#


You could see an ogre and a goblin (wandering).

Vanquished Creatures
  3 adders (D:2)
  3 gnolls (D:3)
  An ufetubus (D:3)
  A worm (D:2)
  4 endoplasms
  2 giant cockroaches (D:3)
  4 hobgoblins
  2 jackals (D:2)
  2 kobolds
  5 ball pythons
  3 bats
  A frilled lizard (D:2)
  4 rats
35 creatures vanquished.

Notes
Turn   | Place    | Note
-------+----------+-------------------------------------------
     0 | D:1      | lesbiats the Troll Fighter began the quest for the Orb.
     0 | D:1      | Reached XP level 1. HP: 22/22 MP: 0/0
   144 | D:1      | Found Iho Kainu's Book Shop.
   223 | D:1      | Reached XP level 2. HP: 29/29 MP: 1/1
   864 | D:2      | Found a faded altar of an unknown god.
   894 | D:2      | Reached XP level 3. HP: 13/36 MP: 2/2
  1415 | D:3      | Noticed an ogre
  1417 | D:3      | Reached XP level 4. HP: 30/45 MP: 3/3
  1453 | D:3      | Mangled by an ogre

Illustrated notes

Levels and vault maps discovered:
D:1:      dpeg_arrival_leaves_temple_mockup, layout_loops_ring, serial_shops,
          shop
D:2:      layout_rooms, hellmonk_ecumenical_altar_blasted
D:3:      layout_basic, nicolae_elyvilon_peaceful_grove,
          grunt_gozag_breadcrumbs, grunt_decor_mini_mirrors, minmay_pentangle

Skill      XL: |  1  2  3 |
---------------+----------+-----
Maces & Flails | 2 3 |  3.6
Fighting       | 3 |  3.2
Dodging        | |  2.4
Shields        | |  2.6

Action                   |  1- 3 |  4- 6 || total
-------------------------+-------+-------++-------
Melee: Flail             |   112 |       ||   112
       Whip              |     2 |    18 ||    20
Throw: Stone             |     8 |       ||     8
       Dart              |     2 |       ||     2
 Stab: Sleeping          |     1 |       ||     1
Armor: Robe              |    48 |     9 ||    57
Dodge: Dodged            |    59 |     9 ||    68
Block: Kite shield       |    53 |     8 ||    61

Table legend: (Time is in decaauts)
 A = Elapsed time spent in this place.
 B = Non-inter-level travel time spent in this place.
 C = Inter-level travel time spent in this place.
 D = Time resting spent in this place.
 E = Time spent auto-exploring this place.
 F = Levels seen in this place.
 G = Mean time per level.
                   A        B        C        D        E       F      G
               +--------+--------+--------+--------+--------+-----+--------+
         Total |   1499 |   1373 |    126 |     33 |    893 |   3 |  499.7 |
       Dungeon |   1499 |   1373 |    126 |     33 |    893 |   3 |  499.7 |
               +--------+--------+--------+--------+--------+-----+--------+

Top non-repeatable levels by time:
     D:1: 726 daAuts
     D:2: 639 daAuts
     D:3: 133 daAuts
